 Dungeon Crawl Stone Soup version 0.21.1-1-g345015f (webtiles) character file.

2568 Fang the Basher (level 9, -3/56 HPs)
             Began as a Gargoyle Berserker on May 5, 2018.
             Was a Priest of Trog.
             Splashed by a jelly's acid (7 damage)
             ... on level 5 of the Dungeon.
             The game lasted 00:06:24 (4347 turns).

Fang the Basher (Gargoyle Berserker)                Turns: 4347, Time: 00:06:24

Health: -3/56      AC:  6    Str: 24 (25) XL:     9   Next: 57%
Magic:  9/9        EV: 14    Int:  6 (7)  God:    Trog [***...]
Gold:   178        SH:  0    Dex:  8 (9)  Spells: 8/8 levels left

rFire    . . .     SeeInvis .   j - +2 whip (drain)
rCold    . . .     Gourm    .   (no shield)
rNeg     + . .     Faith    +   b - +0 animal skin
rPois    ∞         Spirit   .   u - +2 helmet
rElec    +         Reflect  .   s - +2 cloak {rPois}
rCorr    .         Harm     .   (no gloves)
MR       .....                  (no boots)
Stlth    ++........             p - amulet of faith
HPRegen  0.18/turn              (no ring)
MPRegen  0.11/turn              (no ring)

@: corroded, berserk cooldown, flying, slowed, very slow
A: negative energy resistance 1, electricity resistance, unbreathing,
petrification resistance, rot immunity, AC +6
a: Berserk, Trog's Hand, Burn Spellbooks, Renounce Religion


You were on level 5 of the Dungeon.
You worshipped Trog.
Trog was most pleased with you.
You were not hungry.

You visited 1 branch of the dungeon, and saw 5 of its levels.

You collected 178 gold pieces.

Inventory:

Hand Weapons
 a - a +0 hand axe
 j - a +2 whip of draining (weapon)
 r - a +1 halberd of protection
Missiles
 o - 2 silver tomahawks (quivered)
Armour
 b - a +0 animal skin (worn)
 s - a +2 cloak of poison resistance (worn)
 u - a +2 helmet (worn)
Jewellery
 p - an amulet of faith (around neck)
 q - a +2 amulet of reflection
Scrolls
 d - a scroll of enchant armour {unknown}
 e - a scroll of remove curse
 f - a scroll of enchant weapon
 h - 3 scrolls of teleportation
Potions
 i - a potion of curing
 l - a potion of cancellation {unknown}
 n - 3 potions of agility
Books
 v - a book of Maledictions

   Spells                             Type                      Level
   a - Corona                         Hexes                        1
   b - Ensorcelled Hibernation        Hexes/Ice                    2
   c - Confuse                        Hexes                        3
   d - Tukima's Dance                 Hexes                        3
   e - Dazzling Spray                 Conjuration/Hexes            3
   Trog disapproves of the use of such an item.
Comestibles
 c - 12 rations


   Skills:
 + Level 6.3 Fighting
 + Level 3.5(6.1) Axes
 + Level 8.6(9.0) Maces & Flails
 + Level 2.4 Armour
 + Level 5.6 Dodging
 + Level 3.7 Stealth


You had 8 spell levels left.
You didn't know any spells.

Dungeon Overview and Level Annotations

Branches:
Dungeon (5/15)
 Temple: D:4-7

Altars:
Elyvilon
Okawaru
Trog
Vehumet
Yredelemnul


Innate Abilities, Weirdness & Mutations

You are resistant to torment.
Your stone body is resilient. (AC +6)
You are immune to poison.
You resist negative energy. (rN+)
You are resistant to electric shocks. (rElec)
You can survive without breathing.
You are immune to petrification.
You are immune to rotting.


Message History

Unknown command.
You feel better. The jelly barely misses you. The ooze barely misses you.
The slime creature barely misses you. The jelly barely misses you.
It was a potion of degeneration.
There was something very wrong with that liquid.
You feel weakened.
You feel dopey.
You feel clumsy. The jelly closely misses you.
The ooze hits you but does no damage.
The slime creature completely misses you.
The jelly hits you but does no damage. The jelly hits you.
* * * LOW HITPOINT WARNING * * *
The acid corrodes you!
You are splashed with acid!
The acid burns!
* * * LOW HITPOINT WARNING * * *
The ooze misses you. The jelly barely misses you.
The slime creature misses you.
It was a potion of flight.
You feel very buoyant.
You fly up into the air.
The jelly hits you.
* * * LOW HITPOINT WARNING * * *
The acid corrodes you!
You are splashed with acid!
The acid burns!
You die...

##.# #...[...# #..###.# #.##
#.......# #..# #(#####
###..## #...[...# ##..#
#(.#... .###.?# ####....#
###..#####.#...
.)....###..'....#
#..............
.....###.########
#....<..##.....
.###..###..)...##
#.......###..<. ###...#
#######J###.......# #..## #
#...# .P....JJ@##########
##.# ###...# .P.÷..JJJ# #.#
.##...# .......JJ##### #.##
.#...## ...P.P...##..## #..#
...### .........##...## ##..
.### %÷.......##....#
######.. .######
###########....###......#
......# ######....##..######
......########.........##.##


You could see a slime creature, 6 jellies and an ooze.

Vanquished Creatures
  The ghost of yevrey the Chopper, a novice HOFi of Beogh (D:5)
  Prince Ribbit (D:5)
  2 slime creatures (D:5)
  A shadow (D:4)
  Duvessa (D:5)
  Purgy (D:4)
  An ogre (D:4)
  2 centaurs (D:5)
  3 big kobolds (D:5)
  The ghost of LyrsulFhnyrn the Caller, an amateur KoSu (D:4)
  2 bullfrogs
  Dowan (D:5)
  2 crimson imps (D:5)
  A centaur skeleton (D:5)
  2 hounds (D:4)
  A jelly (D:5)
  3 orc priests (D:5)
  Jessica (D:3)
  An iguana (D:4)
  3 worker ants
  A gnoll (D:4)
  4 adders
  An ooze (D:5)
  An adder skeleton (D:5)
  3 worms
  2 leopard geckos (D:4)
  7 orcs
  3 bats
  5 giant cockroaches
  7 goblins
  2 hobgoblins (D:1)
  5 jackals
  2 quokkas
  3 frilled lizards
  A giant cockroach zombie (D:5)
  10 kobolds
  2 leopard gecko skeletons (D:5)
  A quokka skeleton (D:4)
  7 rats
98 creatures vanquished.

Vanquished Creatures (others)
  2 fungi (D:5)
  9 toadstools (D:5)
11 creatures vanquished.

Grand Total: 109 creatures vanquished

Notes
Turn   | Place    | Note
-------+----------+-------------------------------------------
     0 | D:1      | Fang the Gargoyle Berserker began the quest for the Orb.
     0 | D:1      | Reached XP level 1. HP: 14/14 MP: 1/1
   207 | D:1      | Reached XP level 2. HP: 19/19 MP: 2/2
   928 | D:2      | Reached XP level 3. HP: 23/23 MP: 3/3
  1396 | D:2      | Found a bloodstained altar of Trog.
  1396 | D:2      | Found a radiant altar of Vehumet.
  1530 | D:3      | Noticed Jessica
  1553 | D:3      | Killed Jessica
  1714 | D:3      | Reached XP level 4. HP: 28/29 MP: 4/4
  1765 | D:3      | Reached ** piety under Trog
  1847 | D:3      | Reached skill level 1 in Stealth
  1849 | D:3      | Reached skill level 1 in Maces & Flails
  2429 | D:4      | Noticed Purgy
  2446 | D:4      | Killed Purgy
  2446 | D:4      | Reached skill level 2 in Maces & Flails
  2446 | D:4      | Reached XP level 5. HP: 26/33 MP: 5/5
  2620 | D:4      | Noticed LyrsulFhnyrn's ghost (amateur KoSu)
  2639 | D:4      | Killed LyrsulFhnyrn's ghost
  2639 | D:4      | Reached skill level 3 in Maces & Flails
  2639 | D:4      | Reached XP level 6. HP: 26/38 MP: 6/6
  2681 | D:4      | Found an iron altar of Okawaru.
  2689 | D:4      | Found a basalt altar of Yredelemnul.
  2844 | D:4      | Noticed a shadow
  2857 | D:4      | Reached skill level 4 in Maces & Flails
  2857 | D:4      | Reached XP level 7. HP: 43/43 MP: 7/7
  2866 | D:4      | Killed a shadow
  3077 | D:4      | Reached skill level 5 in Maces & Flails
  3380 | D:5      | Entered Level 5 of the Dungeon
  3421 | D:5      | Reached XP level 8. HP: 28/48 MP: 8/8
  3598 | D:5      | Reached *** piety under Trog
  3651 | D:5      | Found a white marble altar of Elyvilon.
  3669 | D:5      | Reached skill level 5 in Fighting
  3669 | D:5      | Reached skill level 6 in Maces & Flails
  3720 | D:5      | Noticed yevrey's ghost (novice HOFi)
  3745 | D:5      | Killed yevrey's ghost
  3745 | D:5      | Reached skill level 7 in Maces & Flails
  4038 | D:5      | Noticed Dowan
  4039 | D:5      | Noticed Duvessa
  4050 | D:5      | Killed Dowan
  4050 | D:5      | Reached XP level 9. HP: 53/55 MP: 9/9
  4076 | D:5      | Killed Duvessa
  4076 | D:5      | Reached skill level 5 in Dodging
  4300 | D:5      | Noticed Prince Ribbit
  4315 | D:5      | Killed Prince Ribbit
  4315 | D:5      | Reached skill level 8 in Maces & Flails
  4344 | D:5      | HP: 2/56 [acid (8)]
  4347 | D:5      | Splashed by a jelly's acid

Skill      XL: |  1  2  3  4  5  6  7  8  9 |
---------------+----------------------------+-----
Axes           | 3 |  3.5
Dodging        | 2 3 4 5 |  5.6
Stealth        | 1 2 3 |  3.7
Maces & Flails | 2 3 4 5 7 8 |  8.6
Fighting       | 4 5 6 |  6.3
Armour         | |  2.4

Action                   |  1- 3 |  4- 6 |  7- 9 || total
-------------------------+-------+-------+-------++-------
Melee: Hand axe          |    64 |       |       ||    64
       Whip              |    39 |    94 |   259 ||   392
Invok: Berserk           |       |     3 |     3 ||     6
       Burn Spellbooks   |       |     1 |       ||     1
  Use: Scroll            |       |       |     9 ||     9
       Potion            |       |       |     3 ||     3
 Stab: Sleeping          |     1 |       |     4 ||     5
  Eat: Chunk             |     2 |     4 |     4 ||    10
       Ration            |       |     1 |     1 ||     2
Armor: Animal skin       |    40 |    46 |   101 ||   187
Dodge: Dodged            |    62 |   102 |   149 ||   313
